 Dungeon Crawl Stone Soup version 0.30-a0-777-ga9a30cbeda (webtiles) character file.

Game seed: 7690671298412136818

856 Dirtsage the Cleaver (level 7, -1/52 HPs)
             Began as a Demonspawn Fighter on Feb 14, 2023.
             Slain by Crazy Yiuf
             ... wielding a +4 quarterstaff of chaos
              (4 damage)
             ... on level 5 of the Dungeon.
             The game lasted 00:09:32 (5140 turns).

Dirtsage the Cleaver (Demonspawn Fighter)           Turns: 5140, Time: 00:09:33

Health: -1/52      AC:  4    Str: 18    XL:     7   Next: 70%
Magic:  7/7        EV: 10    Int: 10    God:
Gold:   105        SH:  9    Dex: 12    Spells: 6/6 levels left

rFire   . . .      SeeInvis .    a - +0 war axe
rCold   . . .      Faith    .    c - +0 buckler
rNeg    . . .      Spirit   .    v - +0 troll leather armour {Pargi}
rPois   .          Reflect  +    (no helmet)
rElec   .          Harm     .    (cloak unavailable)
rCorr   .          Rampage  .    (no gloves)
Will    .....                    (no boots)
Stlth   +                        n - amulet of reflection
HPRegen 1.08/turn                (no ring)
MPRegen 0.10/turn                (no ring)

@: no status effects
A: powered by death 1, powered by pain 1, weakness stinger 3
a: no special abilities


You were on level 5 of the Dungeon.
You visited 1 branch of the dungeon, and saw 5 of its levels.
You also visited: Sewer.

You collected 315 gold pieces.
You spent 210 gold pieces at shops.

Inventory:

Hand Weapons
 a - a +0 war axe (weapon)
 w - the +1 flail "Worm's Wrath" {spect, Dex+5}
   (You found it on level 3 of the Dungeon)

   Dex:       It affects your dexterity (+5).
 B - the +8 spear "Soab" {venom, Str+2}
   (You found it on level 5 of the Dungeon)

   Str:       It affects your strength (+2).
Armour
 b - a +0 scale mail
 c - a +0 buckler (worn)
 v - a +0 troll leather armour (worn) {Pargi}
 C - a +0 pair of gloves
Magical Staves
 s - a staff of conjuration
Jewellery
 n - an amulet of reflection (around neck)
Scrolls
 e - 2 scrolls of brand weapon
 f - a scroll of fear {unknown}
 i - 4 scrolls of identify
 k - a scroll of silence {unknown}
 m - a scroll of poison {unknown}
 p - a scroll of fog {unknown}
 r - 2 scrolls of blinking {unknown}
 t - 2 scrolls of teleportation
 u - a scroll of enchant weapon {unknown}
 y - 2 scrolls of vulnerability {unknown}
 A - a scroll of summoning {unknown}
Potions
 d - a potion of might
 g - a potion of degeneration {unknown}
 h - a potion of haste
 j - 5 potions of cancellation {unknown}
 l - a potion of flight {unknown}
 o - a potion of resistance {unknown}
 q - 3 potions of curing
 x - 3 potions of mutation {unknown}
 z - 2 potions of brilliance {unknown}


   Skills:
 - Level 3.0 Fighting
 + Level 8.2 Axes
 - Level 2.6 Armour
 - Level 2.6 Shields


You had 6 spell levels left.
You didn't know any spells.
Your spell library contained the following spells:

 Spells                   Type           Power      Damage    Failure   Level
 Apportation              Tloc           0%         N/A       52%         1
 Necrotise                Necr           0%         1d4       52%         1
 Sandblast                Erth           0%         2d4       52%         1
 Summon Small Mammal      Summ           0%         N/A       52%         1
 Passwall                 Tmut/Erth      0%         N/A       65%         2
 Ignite Poison            Fire/Tmut/Pois 0%         N/A       87%         3
 Stone Arrow              Conj/Erth      0%         3d7       87%         3
 Sticky Flame             Conj/Fire      0%         2d3       99%         4
 Yara's Violent Unravell  Hex/Tmut       0%         3d3       100%        5
 Enfeeble                 Hex            0%         N/A       100%        7
 Ignition                 Fire           0%         3d3       100%        8


Dungeon Overview and Level Annotations

Branches:
Dungeon (5/15)              Sewer (visited)
 Temple: D:4-7

Altars:
Ashenzari
Dithmenos
Makhleb
Ru

Shops:
D:3 ??=   D:4 !

Annotations:
D:5 Crazy Yiuf


Innate Abilities, Weirdness & Mutations

You regenerate a little health from kills.
You sometimes gain a little power by taking damage.
You have a sharp stinger which inflicts weakening toxins.


Message History

You open the door.
Crazy Yiuf laughs, "Fluff King shoe!"
You hit Crazy Yiuf.
Crazy Yiuf is moderately wounded.
Crazy Yiuf says, "Citrus tea seventy!"
Crazy Yiuf misses you.
You closely miss Crazy Yiuf. You tail-slap Crazy Yiuf.
Crazy Yiuf looks weaker.
Crazy Yiuf is heavily wounded.
Crazy Yiuf drinks a potion.
Crazy Yiuf seems to speed up.
h - a potion of haste;
s - a staff of conjuration You closely miss Crazy Yiuf.
Crazy Yiuf is heavily wounded.
Crazy Yiuf zaps a wand.
The puff of flame hits you!
Crazy Yiuf whimpers, "Trifle!"
Crazy Yiuf hits you with a +4 quarterstaff of chaos.
You take 13 damage, and have 39/52 hp.
MASSIVE DAMAGE!!
You barely miss Crazy Yiuf.
Crazy Yiuf is heavily wounded.
You block Crazy Yiuf's attack.
Crazy Yiuf hits you with a +4 quarterstaff of chaos!
Crazy Yiuf freezes you.
You take 9 damage, and have 30/52 hp.
You hit Crazy Yiuf.
Crazy Yiuf is severely wounded.
Crazy Yiuf hits you with a +4 quarterstaff of chaos!
You take 6 damage, and have 24/52 hp.
You closely miss Crazy Yiuf. You tail-slap Crazy Yiuf.
Crazy Yiuf is almost dead.
Crazy Yiuf zaps a wand.
The puff of flame hits you!
* * * LOW HITPOINT WARNING * * *
Crazy Yiuf zaps a wand.
The puff of flame hits you!
* * * LOW HITPOINT WARNING * * *
You take 18 damage, and have 6/52 hp.
MASSIVE DAMAGE!!
You aren't carrying any items that you can evoke.
You closely miss Crazy Yiuf.
Crazy Yiuf is almost dead.
Crazy Yiuf hits you with a +4 quarterstaff of chaos.
* * * LOW HITPOINT WARNING * * *
You convulse.
You die...

.........................#
.#######.................##
.#....................)...#
.#.#####.################.#
....# ### #.## .#..# #..#
.#..###### ### #####.#
.#.>.....# #)..### ##.....#
....######
#...g@####.#....# .##.#
#...##..#......## ....# ###
###.#....## ##### ########


You could see Crazy Yiuf (fast, weak).

Vanquished Creatures
  Pargi (Sewer)
  2 phantoms (D:5)
  3 scorpions
  A howler monkey (D:4)
  3 jellies (D:5)
  An orc priest (D:5)
  An orc wizard (D:5)
  6 gnolls (D:4)
  8 adders
  2 shadow imps (D:5)
  2 ufetubi
  3 worms
  2 dart slugs
  3 orcs
  8 endoplasms
  4 giant cockroaches
  10 goblins
  6 hobgoblins
  5 kobolds
  A quokka (D:1)
  7 ball pythons
  7 bats
  3 frilled lizards
  7 rats
96 creatures vanquished.

Vanquished Creatures (others)
  A plant (D:3)
1 creature vanquished.

Grand Total: 97 creatures vanquished

Notes
Turn   | Place    | Note
-------+----------+-------------------------------------------
     0 | D:1      | Dirtsage the Demonspawn Fighter began the quest for the
                  | Orb.
     0 | D:1      | Reached XP level 1. HP: 18/18 MP: 1/1
   129 | D:1      | Reached skill level 2 in Axes
   200 | D:1      | Gained mutation: You sometimes gain a little power by
                  | taking damage. [demonic ancestry]
   200 | D:1      | Reached XP level 2. HP: 24/24 MP: 2/2
   546 | D:1      | Reached skill level 3 in Axes
  1176 | D:2      | Identified the +2 spear of Fatigue {flame, Str+4}
  1320 | D:2      | Gained mutation: You have a small tail. [demonic ancestry]
  1320 | D:2      | Reached XP level 3. HP: 20/29 MP: 3/3
  1539 | D:2      | You fall into a shaft and drop 1 floor!
  1840 | D:3      | Reached skill level 4 in Axes
  1840 | D:3      | Reached XP level 4. HP: 17/35 MP: 4/4
  1852 | D:3      | Found a glowing drain.
  1857 | Sewer    | Entered a sewer
  1990 | Sewer    | Noticed Pargi
  2002 | Sewer    | Killed Pargi
  2003 | Sewer    | Reached skill level 5 in Axes
  2003 | Sewer    | Gained mutation: You have a tail ending in a sharp stinger.
                  | [demonic ancestry]
  2003 | Sewer    | Reached XP level 5. HP: 33/41 MP: 5/5
  2193 | D:3      | Found Emod's Jewellery Shoppe.
  2225 | D:3      | Found Gaps's Magic Scroll Shoppe.
  2232 | D:3      | Bought a scroll of teleportation for 36 gold pieces
  2232 | D:3      | Bought a scroll of identify for 24 gold pieces
  2232 | D:3      | Bought a scroll of brand weapon for 114 gold pieces
  2258 | D:3      | Identified the +1 flail "Worm's Wrath" {spect, Dex+5}
  2270 | D:3      | Found Xakkoila's Magic Scroll Shop.
  2333 | D:3      | Found a burning altar of Makhleb.
  2342 | D:3      | Found the +18 Lear's hauberk
  2356 | D:3      | Found a broken altar of Ashenzari.
  2604 | D:3      | Found a shadowy altar of Dithmenos.
  2899 | D:4      | Gained mutation: You have a sharp stinger which inflicts
                  | weakening toxins. [demonic ancestry]
  2899 | D:4      | Reached XP level 6. HP: 47/47 MP: 6/6
  3011 | D:4      | Reached skill level 6 in Axes
  3023 | D:4      | Found Horie's Distillery.
  3027 | D:4      | Bought a potion of curing for 36 gold pieces
  3438 | D:4      | Found a sacrificial altar of Ru.
  4214 | D:5      | Entered Level 5 of the Dungeon
  4347 | D:5      | Reached skill level 7 in Axes
  4347 | D:5      | Gained mutation: You regenerate a little health from kills.
                  | [demonic ancestry]
  4347 | D:5      | Reached XP level 7. HP: 51/52 MP: 7/7
  4812 | D:5      | Reached skill level 8 in Axes
  4847 | D:5      | Identified the +8 spear "Soab" {venom, Str+2}
  4923 | D:5      | Found a runed translucent door.
  4924 | D:5      | Noticed Crazy Yiuf
  5140 | D:5      | Slain by Crazy Yiuf

Illustrated notes

Levels and vault maps discovered:
D:1:      minmay_arrival_four_houses, layout_basic, minmay_tromino_v2
D:2:      layout_basic
D:3:      layout_loops_ring, nicolae_dithmenos_through_a_glass_darkly,
          mainiacjoe_overflow_large_starburst, lightli_sewer_entry_pipes,
          serial_shops, shop_coins, shop_fountains, nicolae_shop_statue_plus,
          chequers_big_river
D:4:      layout_layer_cave, lemuel_tele_altar, serial_shops, shop
D:5:      layout_basic, uniq_crazy_yiuf_cottage

Skill      XL: |  1  2  3  4  5  6  7 |
---------------+----------------------+-----
Axes           | 2 3 4 5 7 8 |  8.2
Fighting       | |  3.0
Armour         | |  2.6
Shields        | |  2.6

Action                     |  1- 3 |  4- 6 |  7- 9 || total
---------------------------+-------+-------+-------++-------
  Melee: War axe           |   150 |   139 |    61 ||   350
         Tailslap          |     5 |    16 |     7 ||    28
    Use: Potion            |       |     1 |       ||     1
         Scroll            |       |       |     1 ||     1
 Armour: Scale mail        |    69 |    12 |       ||    81
         Troll leather arm |       |    30 |     2 ||    32
  Dodge: Dodged            |    73 |    65 |    13 ||   151
  Block: Buckler           |    50 |    78 |    24 ||   152
         Reflection        |     1 |     3 |       ||     4

Table legend: (Time is in decaauts)
 A = Elapsed time spent in this place.
 B = Non-inter-level travel time spent in this place.
 C = Inter-level travel time spent in this place.
 D = Time resting spent in this place.
 E = Time spent auto-exploring this place.
 F = Levels seen in this place.
 G = Mean time per level.
                   A        B        C        D        E       F      G
               +--------+--------+--------+--------+--------+-----+--------+
         Total |   5318 |   5051 |    267 |     31 |   4141 |   6 |  886.3 |
       Dungeon |   5072 |   4805 |    267 |     31 |   3988 |   5 | 1014.4 |
         Sewer |    246 |    246 |      0 |      0 |    153 |   1 |  246.0 |
               +--------+--------+--------+--------+--------+-----+--------+

Top non-repeatable levels by time:
     D:4: 1417 daAuts
     D:1: 1144 daAuts
     D:3: 1138 daAuts
     D:5: 941 daAuts
     D:2: 431 daAuts
   Sewer: 246 daAuts
